1848 views
Uploaded 2022-12-16 16:19:58
Game version 1.32.10
18:15 long 1on1 ladder game on (2)NorthernIsles
Saved by KILLLADH
1848 views
Uploaded 2022-12-16 16:19:58
Game version 1.32.10
18:15 long 1on1 ladder game on (2)NorthernIsles

34 units @ 4.3k
/ 0.5k
15 buildings @ 2.3k
/ 0.8k


| Healing Salve | 2 | 200 |
| Scroll of Speed | 1 | 50 |
| Potion of Healing | 2 | 300 |
| Potion of Mana | 1 | 200 |
| Tiny Great Hall | 1 | 600 |
| Lesser Clarity Potion | 2 | 140 |
| Scroll of Town Portal | 2 | 700 |
| total: | 11 | 2190g |
| Peon | 12 | 900 | / | 0 |
| Grunt | 2 | 400 | / | 0 |
| Troll Headhunter | 14 | 1960 | / | 280 |
| Spirit Walker | 2 | 390 | / | 70 |
| Tauren | 1 | 280 | / | 80 |
| Troll Berserker | 3 | 420 | / | 60 |
| total: | 34 | 4350g | / | 490w |
| Watch Tower | 2 | 220 | / | 160 |
| Altar of Storms | 1 | 180 | / | 50 |
| Orc Burrow | 7 | 1120 | / | 280 |
| Barracks | 1 | 180 | / | 50 |
| War Mill | 1 | 205 | / | 0 |
| Voodoo Lounge | 2 | 260 | / | 60 |
| Tauren Totem | 1 | 135 | / | 155 |
| Stronghold | 1 | 315 | / | 190 |
| Fortress | 1 | 325 | / | 190 |
| total: | 15 | 2300g | / | 755w |
| 0:01 | Peon |
| 0:02 | Peon |
| 0:02 | Peon |
| 0:17 | Altar of Storms |
| 0:28 | Orc Burrow |
| 0:32 | Peon |
| 0:47 | Barracks |
| 0:50 | Peon |
| 1:09 | War Mill |
| 1:23 | Peon |
| 1:36 | Peon |
| 1:40 | Orc Burrow |
| 1:53 | Voodoo Lounge |
| 2:13 | Grunt |
| 2:19 | Feral Spirit |
| 2:35 | Troll Headhunter |
| 3:02 | Troll Headhunter |
| 3:02 | Troll Headhunter |
| 3:04 | Stronghold |
| 3:21 | Troll Headhunter |
| 3:51 | Troll Headhunter |
| 3:54 | Steel Ranged Weapons |
| 4:06 | Troll Headhunter |
| 4:20 | Chain Lighting |
| 4:38 | Orc Burrow |
| 4:39 | Troll Headhunter |
| 5:36 | Troll Headhunter |
| 5:36 | Troll Headhunter |
| 5:36 | Troll Headhunter |
| 5:47 | Troll Headhunter |
| 5:50 | Feral Spirit |
| 6:08 | Troll Regeneration |
| 6:34 | Grunt |
| 6:41 | Tauren Totem |
| 6:50 | Healing Salve |
| 6:58 | Scroll of Speed |
| 7:02 | War Stomp |
| 7:08 | Steel Armor |
| 7:58 | Troll Headhunter |
| 8:01 | Fortress |
| 8:02 | Spirit Walker |
| 8:07 | Chain Lighting |
| 8:11 | Healing Salve |
| 9:04 | Troll Headhunter |
| 9:49 | Potion of Healing |
| 9:51 | Spirit Walker |
| 9:53 | Thorium Ranged Weapons |
| 9:54 | Orc Burrow |
| 9:57 | Scroll of Town Portal |
| 11:04 | Potion of Healing |
| 11:37 | Potion of Mana |
| 11:45 | Endurance Aura |
| 12:05 | Tiny Great Hall |
| 12:39 | Orc Burrow |
| 12:40 | Reinforced Defenses |
| 12:49 | Lesser Clarity Potion |
| 13:01 | Berserker Upgrade |
| 13:06 | Peon |
| 13:40 | Troll Headhunter |
| 13:42 | Peon |
| 13:43 | Peon |
| 13:48 | Watch Tower |
| 13:54 | Watch Tower |
| 14:00 | Peon |
| 14:16 | Lesser Clarity Potion |
| 14:21 | Tauren |
| 14:32 | Troll Berserker |
| 14:50 | Scroll of Town Portal |
| 15:02 | Peon |
| 15:49 | Voodoo Lounge |
| 15:54 | Troll Berserker |
| 15:54 | Troll Berserker |
| 16:00 | Orc Burrow |
| 16:24 | Orc Burrow |
| Right click | 1272 |
| Select | 508 |
| Build/train/purchase | 128 |
| Chat | 38 |
| Use ability | 25 |
| Assign group | 7 |
| Misc. action | 6 |
| Select group | 6 |
| Remove unit | 5 |
| Item give/drop | 3 |
20 units @ 3.3k
/ 0.4k
10 buildings @ 1.6k
/ 0.5k



| Rod of Necromancy | 2 | 300 |
| Orb of Corruption | 1 | 375 |
| Potion of Healing | 1 | 150 |
| Scroll of Town Portal | 1 | 350 |
| Scroll of Healing | 1 | 250 |
| Potion of Lesser Invulnerability | 2 | 300 |
| total: | 8 | 1725g |
| Acolyte | 3 | 225 | / | 0 |
| Ghoul | 6 | 720 | / | 0 |
| Crypt Fiend | 8 | 1720 | / | 320 |
| Obsidian Statue | 3 | 600 | / | 105 |
| total: | 20 | 3265g | / | 425w |
| Crypt | 1 | 200 | / | 50 |
| Altar of Darkness | 1 | 180 | / | 50 |
| Ziggurat | 5 | 750 | / | 250 |
| Tomb of Relics | 1 | 130 | / | 30 |
| Graveyard | 1 | 215 | / | 0 |
| Slaughterhouse | 1 | 140 | / | 135 |
| Halls of the Dead | 1 | 320 | / | 210 |
| Black Citadel | 1 | 325 | / | 230 |
| total: | 10 | 1615g | / | 515w |
| 0:04 | Acolyte |
| 0:04 | Acolyte |
| 0:09 | Crypt |
| 0:10 | Altar of Darkness |
| 0:35 | Ziggurat |
| 0:43 | Acolyte |
| 0:59 | Tomb of Relics |
| 1:10 | Ghoul |
| 1:19 | Ghoul |
| 1:43 | Ziggurat |
| 2:00 | Ghoul |
| 2:24 | Rod of Necromancy |
| 2:25 | Death Coil |
| 2:45 | Ghoul |
| 2:46 | Halls of the Dead |
| 3:06 | Graveyard |
| 3:24 | Rod of Necromancy |
| 4:04 | Ghoul |
| 4:20 | Unholy Aura |
| 4:36 | Ghoul |
| 4:39 | Ziggurat |
| 4:53 | Crypt Fiend |
| 5:24 | Crypt Fiend |
| 6:08 | Death Coil |
| 6:13 | Black Citadel |
| 6:16 | Slaughterhouse |
| 6:36 | Frost Nova |
| 6:39 | Crypt Fiend |
| 6:40 | Burrow |
| 6:54 | Ziggurat |
| 7:31 | Obsidian Statue |
| 8:04 | Potion of Lesser Invulnerability |
| 8:17 | Crypt Fiend |
| 8:18 | Obsidian Statue |
| 8:45 | Dark Ritual |
| 9:01 | Destroyer Form |
| 9:05 | Orb of Corruption |
| 9:18 | Crypt Fiend |
| 9:58 | Black Arrow |
| 10:15 | Obsidian Statue |
| 10:17 | Ziggurat |
| 11:56 | Unholy Aura |
| 12:03 | Scroll of Town Portal |
| 12:03 | Potion of Healing |
| 12:04 | Scroll of Healing |
| 12:13 | Crypt Fiend |
| 12:49 | Silence |
| 13:13 | Frost Nova |
| 13:37 | Crypt Fiend |
| 14:00 | Creature Attack |
| 14:00 | Creature Carapace |
| 14:35 | Potion of Lesser Invulnerability |
| 14:41 | Crypt Fiend |
| 17:21 | Dark Ritual |
| 17:33 | Black Arrow |
| Right click | 1093 |
| Select group | 784 |
| Select | 365 |
| Misc. action | 81 |
| Build/train/purchase | 74 |
| Use ability | 48 |
| Assign group | 40 |
| Item give/drop | 9 |
| Chat | 6 |
| Remove unit | 1 |